 Dungeon Crawl Stone Soup version 0.21-a0-29-g43b3074 (webtiles) character file.

133 tof the Insei (level 4, -3/34 HPs)
             Began as a Demonspawn Gladiator on May 26, 2017.
             Slain by an orc warrior
             ... wielding a +1 war axe of chopping
              (6 damage)
             ... on level 4 of the Dungeon.
             The game lasted 00:07:16 (3264 turns).

tof the Insei (Demonspawn Gladiator)                Turns: 3264, Time: 00:07:16

Health: -3/34      AC:  8    Str: 19    XL:     4   Next: 94%
Magic:  4/4        EV: 13    Int: 10    God:
Gold:   205        SH:  0    Dex: 15    Spells: 3/3 levels left

rFire    . . .     SeeInvis .     - Unarmed
rCold    . . .     Gourm    .   (no shield)
rNeg     . . .     Faith    .   a - +0 leather armour
rPois    .         Spirit   .   f - +0 helmet
rElec    .         Reflect  .   (no cloak)
rCorr    .         Harm     .   m - +0 pair of gloves
MR       .....                  (no boots)
Stlth    +.........             (no amulet)
Regen    0.2/turn               u - +5 ring of strength
MPRegen  0.1/turn               k - +3 ring of protection

@: confused
A: talons 1
a: no special abilities


You were on level 4 of the Dungeon.
You were hungry.

You visited 1 branch of the dungeon, and saw 4 of its levels.
You also visited: Sewer.

You collected 205 gold pieces.

Inventory:

Hand Weapons
 b - a +0 blowgun
Missiles
 c - 3 throwing nets (quivered)
 E - 26 poisoned needles
Armour
 a - a +0 leather armour (worn)
 f - a +0 helmet (worn)
 m - a +0 pair of gloves (worn)
Jewellery
 k - a +3 ring of protection (right hand)
 u - a +5 ring of strength (left hand)
 F - an uncursed ring of fire
Wands
 y - a wand of iceblast (10/15)
Scrolls
 h - a scroll of enchant armour {unknown}
 p - 3 scrolls of blinking
 r - 2 scrolls of identify
 t - a scroll of amnesia
 x - a scroll of remove curse
 A - a scroll of random uselessness {unknown}
 B - a scroll of recharging {unknown}
 D - a scroll of enchant weapon {unknown}
 G - a scroll of immolation {unknown}
 H - a scroll of fear {unknown}
Potions
 e - 4 potions of curing {unknown}
 g - a potion of lignification {unknown}
 n - a potion of magic {unknown}
 o - a potion of heal wounds {unknown}
 q - a potion of resistance {unknown}
 s - 2 potions of agility {unknown}
 v - a potion of degeneration {unknown}
 z - a potion of brilliance {unknown}
 C - a potion of ambrosia {unknown}
Comestibles
 d - 3 bread rations
 l - a meat ration
 w - 2 royal jellies


   Skills:
 + Level 2.5 Fighting
 + Level 2.7 Throwing
 + Level 1.3 Armour
 + Level 3.1 Dodging
 * Level 3.6 Unarmed Combat


You had 3 spell levels left.
You didn't know any spells.

Dungeon Overview and Level Annotations

Branches:
Dungeon (4/15)
 Temple: D:4-7

Altars:
Elyvilon
Fedhas
Kikubaaqudgha
Uskayaw

Annotations:
D:3 Sigmund


Innate Abilities, Weirdness & Mutations

You have sharp toenails.


Message History

The orc warrior shouts!
An orc comes into view. It is wielding a war axe.
An orc wizard comes into view. It is wielding an enchanted dagger.
The orc wizard shouts!
The orc wizard points at you and mumbles some strange words.
You are confused.
The orc warrior hits you with a war axe of chopping!
You bump into the rock wall.
You bump into the rock wall.
The orc wizard points at you and mumbles some strange words.
You are more confused.
The orc warrior barely misses you.
You hit the orc warrior. Your kick misses the orc warrior.
The orc warrior is lightly wounded.
The orc warrior hits you with a war axe of chopping!
* * * LOW HITPOINT WARNING * * *
The orc hits you with a war axe.
* * * LOW HITPOINT WARNING * * *
The orc warrior hits you with a war axe of chopping.
You die...

.........####.###............
######### #..###...........
##..##...........
##..##........##
##..#..........
########o..#.......##
..>.....#.....######
........o.##### .......@o##
.........# ........##
.......## ....... ......#
<....# ....#


You could see an orc warrior, an orc wizard and an orc.

Vanquished Creatures
  A crocodile (Sewer)
  An adder (D:3)
  A dart slug (D:1)
  3 giant cockroaches
  4 hobgoblins
  9 jackals
  6 kobolds
  A quokka (D:3)
  5 bats
  7 frilled lizards
  4 goblins
  7 rats
49 creatures vanquished.

Notes
Turn   | Place    | Note
-------+----------+-------------------------------------------
     0 | D:1      | tof the Demonspawn Gladiator began the quest for the Orb.
     0 | D:1      | Reached XP level 1. HP: 16/16 MP: 1/1
   323 | D:1      | Gained mutation: You have sharp toenails. [demonic ancestry]
   323 | D:1      | Reached XP level 2. HP: 22/22 MP: 2/2
  1412 | D:2      | Reached XP level 3. HP: 25/27 MP: 3/3
  1442 | D:2      | Found a hide-covered altar of Uskayaw.
  2077 | D:3      | Found a white marble altar of Elyvilon.
  2253 | D:3      | Found an ancient bone altar of Kikubaaqudgha.
  2253 | D:3      | Found a blossoming altar of Fedhas.
  2377 | D:3      | Found a glowing drain.
  2377 | D:3      | Noticed Sigmund
  2390 | Sewer    | Entered a sewer
  2415 | Sewer    | Reached skill level 1 in Armour
  2752 | Sewer    | Noticed a crocodile
  2766 | Sewer    | Killed a crocodile
  2766 | Sewer    | Reached XP level 4. HP: 5/34 MP: 4/4
  3245 | D:4      | Noticed an orc warrior
  3264 | D:4      | Slain by an orc warrior

Vault maps used:
D:1:      eino_arrival_cavern_b, minmay_tetromino_t2
D:2:      nicolae_overflow_crystal_walls, serial_forest,
          infiniplex_forest_lined_room_2, infiniplex_forest_lined_room_2,
          infiniplex_forest_diagonal, infiniplex_forest_diagonal,
          infiniplex_forest_lined_corner, infiniplex_forest_end_3,
          infiniplex_forest_straight_2, infiniplex_forest_lined_4_way,
          first_bread
D:3:      grunt_temple_overflow_growth_and_decay, elyvilon_altar_4,
          led_sif_book, cheibrodos_sewer_entry_sluice, minmay_misc_feat_cross,
          hangedman_glass_teeth, kennysheep_jessica_study, uniq_robin,
          uniq_sigmund, uniq_jessica
D:4:      kennysheep_slug_shrine, dk_noncrumbling_4
Sewer:    sewer_the_crocodile

Skill      XL: |  1  2  3 |
---------------+----------+-----
Unarmed Combat | 3 |  3.6
Throwing       | 2 |  2.7
Dodging        | 3 |  3.1
Armour         | 1 |  1.3
Fighting       | |  2.5

Action                   |  1- 3 |  4- 6 || total
-------------------------+-------+-------++-------
Melee: Unarmed           |   178 |     1 ||   179
       Punch             |     4 |       ||     4
       Kick              |    26 |       ||    26
 Fire: Blowgun           |     7 |     3 ||    10
  Use: Scroll            |     3 |     3 ||     6
 Stab: Sleeping          |     2 |       ||     2
  Eat: Chunk             |     5 |       ||     5
       Fruit             |       |     2 ||     2
Armor: Leather armour    |    77 |     2 ||    79
Dodge: Dodged            |   135 |     7 ||   142
